[Event "16th Marseille Festival 2023"]
[Site "Marseille"]
[Date "2023.12.30"]
[Round "3.1"]
[White "Lamard, Guillaume"]
[Black "Pichon, Ewen"]
[Result "1-0"]
[WhiteElo "2497"]
[BlackElo "2274"]
[PlyCount "53"]
[EventDate "2023.12.30"]
[EventType "swiss"]
[EventCountry "FRA"]
[TimeControl "5400+30"]

1. Nf3 Nf6 2. c4 e6 3. Nc3 d5 4. e3 a6 5. b3 Bd6 6. Bb2 O-O 7. Rc1 Qe7 8. d4 dxc4 9. Bxc4 c5 10. Bd3 cxd4 11. Nxd4 b5 12. Ne4 Nxe4 13. Bxe4 Bb4+ 14. Kf1 Ra7 15. g4 Bb7 16. Bxb7 Rxb7 17. Qf3 Ba3 18. Bxa3 Qxa3 19. Kg2 Ra7 20. Rc2 Nd7 21. Nc6 Raa8 22. Rd1 Nf6 23. e4 Ne8 24. Rd7 f5 25. e5 Kh8 26. Nd4 Rb8 27. Nxe6 1-0

[Event "16th Marseille Festival 2023"]
[Site "Marseille"]
[Date "2023.12.30"]
[Round "3.2"]
[White "Gusain, Himal"]
[Black "Malka, Samuel"]
[Result "1-0"]
[WhiteElo "2457"]
[BlackElo "2201"]
[PlyCount "103"]
[EventDate "2023.12.30"]
[EventType "swiss"]
[EventCountry "FRA"]
[TimeControl "5400+30"]

1. e4 e5 2. Nf3 Nc6 3. Bc4 Nf6 4. d3 h6 5. O-O d6 6. a4 a5 7. Nc3 g6 8. h3 Bg7 9. Be3 O-O 10. Qd2 Kh7 11. d4 Nxe4 12. Nxe4 d5 13. Nxe5 Nxe5 14. dxe5 dxe4 15. Qxd8 Rxd8 16. Bxf7 Bxe5 17. Rfd1 Bd7 18. Rd5 Bf6 19. Bd4 Bxd4 20. Rxd4 Bc6 21. Rad1 Rxd4 22. Rxd4 Kg7 23. Bb3 g5 24. Kf1 Kf6 25. Ke2 Ke5 26. Ke3 h5 27. c3 g4 28. Bc2 gxh3 29. gxh3 Rg8 30. Bxe4 Rg1 31. Bxc6 bxc6 32. Rh4 Rb1 33. Rxh5+ Kd6 34. Rxa5 Rxb2 35. Rf5 Rc2 36. Kd4 Ra2 37. a5 c5+ 38. Rxc5 Rxf2 39. Rd5+ Kc6 40. Re5 Kd6 41. Rh5 Rf4+ 42. Kd3 Ra4 43. Kc2 c6 44. Kb3 Ra1 45. h4 Rb1+ 46. Ka2 Rb8 47. Rg5 Kc7 48. Rg7+ Kd6 49. a6 Ra8 50. a7 Kc5 51. Kb3 Kb6 52. h5 1-0

[Event "16th Marseille Festival 2023"]
[Site "Marseille"]
[Date "2023.12.30"]
[Round "3.3"]
[White "Baroyan, Davit"]
[Black "Bilych, Olexiy"]
[Result "0-1"]
[WhiteElo "2203"]
[BlackElo "2433"]
[PlyCount "70"]
[EventDate "2023.12.30"]
[EventType "swiss"]
[EventCountry "FRA"]
[TimeControl "5400+30"]

1. Nf3 d5 2. g3 Nf6 3. Bg2 e6 4. O-O Be7 5. c4 O-O 6. d4 a5 7. Nc3 Nbd7 8. Ne5 c6 9. e4 dxc4 10. Nxc4 b5 11. Ne3 b4 12. Na4 Ba6 13. b3 Bxf1 14. Qxf1 Nb6 15. Nxb6 Qxb6 16. Bb2 Rfd8 17. Rd1 Rac8 18. h3 Qa7 19. Rd2 Ne8 20. Qd1 Nd6 21. d5 exd5 22. exd5 c5 23. Qg4 Bf8 24. Bf1 Qd7 25. Qh5 Re8 26. Bd3 g6 27. Ng4 Bg7 28. Qh4 Bxb2 29. Rxb2 Re1+ 30. Kh2 Qe7 31. Nh6+ Kg7 32. Qf4 Qe5 33. Qd2 Rd1 34. Qxd1 Qxb2 35. Ng4 h5 0-1

[Event "16th Marseille Festival 2023"]
[Site "Marseille"]
[Date "2023.12.30"]
[Round "3.4"]
[White "Petrosyan, Armen"]
[Black "Avanesyan, Davit"]
[Result "0-1"]
[WhiteElo "2368"]
[BlackElo "2142"]
[PlyCount "99"]
[EventDate "2023.12.30"]
[EventType "swiss"]
[EventCountry "FRA"]
[TimeControl "5400+30"]

1. e4 g6 2. d4 Bg7 3. Nf3 d6 4. Bd3 Nf6 5. O-O O-O 6. h3 Nc6 7. c3 e5 8. Re1 h6 9. Nbd2 Nh5 10. d5 Nb8 11. Nf1 c6 12. dxc6 bxc6 13. Ng3 Nxg3 14. fxg3 Qc7 15. c4 Nd7 16. Be3 a5 17. Qd2 Kh7 18. g4 Nc5 19. Bc2 Ne6 20. Rad1 Rd8 21. Qf2 Rb8 22. b3 Qe7 23. Bb6 Rd7 24. Bxa5 Ra7 25. b4 Nd4 26. Nxd4 exd4 27. Ba4 Rxb4 28. Bxb4 Rxa4 29. a3 c5 30. Qc2 Qa7 31. Bd2 Be6 32. Bf4 Rxc4 33. Qd2 Qa6 34. e5 dxe5 35. Bxe5 Bxe5 36. Rxe5 Qxa3 37. Qf4 Qa7 38. Rb1 d3 39. Qf3 d2 40. Qe3 Rd4 41. Rd1 Qa4 42. Qf3 Rf4 43. Qe2 Bc4 44. Qxd2 Rd4 45. Qe3 Qxd1+ 46. Kh2 Qd2 47. Qf3 Qf4+ 48. Qxf4 Rxf4 49. Rxc5 Be6 50. g5 0-1

[Event "16th Marseille Festival 2023"]
[Site "Marseille"]
[Date "2023.12.30"]
[Round "3.5"]
[White "Fabre, Jean-charles"]
[Black "Charlier, Antoine"]
[Result "0-1"]
[WhiteElo "1883"]
[BlackElo "2147"]
[PlyCount "55"]
[EventDate "2023.12.30"]
[EventType "swiss"]
[EventCountry "FRA"]
[TimeControl "5400+30"]

1. c4 e5 2. Nc3 Nc6 3. Nf3 Nf6 4. e3 d5 5. cxd5 Nxd5 6. Bb5 Nxc3 7. bxc3 Bd6 8. d4 Bd7 9. Bxc6 Bxc6 10. dxe5 Bxf3 11. Qxf3 Bxe5 12. O-O O-O 13. Ba3 Re8 14. Qxb7 Rb8 15. Qc6 Rb6 16. Qa4 Ree6 17. Bc5 Rbc6 18. Bd4 Qh4 19. g3 Qh5 20. Rab1 h6 21. Rb5 f6 22. f4 Qe2 23. fxe5 fxe5 24. Rxe5 Rf6 25. Re8+ Kf7 26. Bxf6 Rxf6 27. Qd7+ Kg6 28. Rxf6+ 0-1

[Event "16th Marseille Festival 2023"]
[Site "Marseille"]
[Date "2023.12.30"]
[Round "3.6"]
[White "Bremond, Pascal"]
[Black "Girel, Joseph"]
[Result "0-1"]
[WhiteElo "1894"]
[BlackElo "2495"]
[PlyCount "48"]
[EventDate "2023.12.30"]
[EventType "swiss"]
[EventCountry "FRA"]
[TimeControl "5400+30"]

1. d4 Nf6 2. c4 e6 3. Nf3 d5 4. g3 Bb4+ 5. Nbd2 dxc4 6. Qc2 b5 7. a4 c6 8. Bg2 a5 9. O-O O-O 10. e4 Nbd7 11. e5 Nd5 12. Ne4 f5 13. exf6 gxf6 14. Bh6 Rf7 15. h4 N7b6 16. axb5 cxb5 17. Rad1 Raa7 18. Bh3 Na4 19. Nc5 Nxc5 20. dxc5 Bxc5 21. Nd4 Qb6 22. Qe4 f5 23. Nxf5 Nf6 24. Qe5 exf5 0-1

[Event "16th Marseille Festival 2023"]
[Site "Marseille"]
[Date "2023.12.30"]
[Round "3.7"]
[White "Perret, Timothe"]
[Black "Le Roy, Tristan"]
[Result "1-0"]
[WhiteElo "1854"]
[BlackElo "1955"]
[PlyCount "119"]
[EventDate "2023.12.30"]
[EventType "swiss"]
[EventCountry "FRA"]
[TimeControl "5400+30"]

1. e4 e5 2. Nf3 Nc6 3. Bb5 a6 4. Ba4 Nf6 5. O-O Be7 6. Re1 b5 7. Bb3 O-O 8. c3 d5 9. exd5 Nxd5 10. Nxe5 Nxe5 11. Rxe5 c6 12. d3 Bd6 13. Re1 Bf5 14. Qf3 Qd7 15. Bxd5 cxd5 16. Bf4 Rae8 17. Nd2 Bxf4 18. Qxf4 Bxd3 19. Nf3 Bg6 20. Nd4 Rxe1+ 21. Rxe1 Re8 22. Re3 Rxe3 23. Qxe3 h6 24. f3 Qd6 25. g3 Kh7 26. Ne2 Qd7 27. Qe5 f6 28. Qf4 Qe6 29. Kf2 Bd3 30. Qe3 Qxe3+ 31. Kxe3 Bb1 32. a3 g5 33. Kd4 Ba2 34. Nc1 Bc4 35. b3 Bf1 36. Kxd5 Bg2 37. Kc5 Bxf3 38. Kb6 f5 39. Kxa6 Bg2 40. Kxb5 h5 41. Kc5 f4 42. gxf4 g4 43. Kd4 h4 44. Ke3 Bd5 45. Kf2 Kg6 46. c4 Be4 47. Ne2 Kf5 48. c5 Bd3 49. a4 Ke4 50. b4 Kd5 51. Nc3+ Kc4 52. c6 Kxc3 53. b5 Be4 54. f5 Bxf5 55. b6 Be4 56. b7 g3+ 57. hxg3 hxg3+ 58. Kxg3 Bxc6 59. b8=Q Bxa4 60. Kf4 1-0

[Event "16th Marseille Festival 2023"]
[Site "Marseille"]
[Date "2023.12.30"]
[Round "3.8"]
[White "Fischer, Thorange"]
[Black "Philippe, Guillaume"]
[Result "0-1"]
[WhiteElo "1832"]
[BlackElo "2334"]
[PlyCount "82"]
[EventDate "2023.12.30"]
[EventType "swiss"]
[EventCountry "FRA"]
[TimeControl "5400+30"]

1. Nf3 Nf6 2. g3 b5 3. d4 Bb7 4. Bg2 e6 5. O-O c5 6. c3 Na6 7. Na3 Nc7 8. Nc2 Be7 9. dxc5 Bxc5 10. a4 a6 11. axb5 axb5 12. Bg5 h6 13. Bxf6 Qxf6 14. Ne5 Qxe5 15. Bxb7 Rxa1 16. Nxa1 d5 17. Nb3 Bb6 18. Bc6+ Ke7 19. Qd3 Rb8 20. Kg2 b4 21. cxb4 Qxb2 22. b5 h5 23. h4 g6 24. Rb1 Qf6 25. e3 Kf8 26. Nd4 e5 27. Ne2 Rd8 28. Rf1 Kg7 29. e4 dxe4 30. Qxe4 Rd2 31. Qf3 Qxf3+ 32. Kxf3 f5 33. Ng1 e4+ 34. Kg2 Ne6 35. Nh3 Nd4 36. Bb7 Rb2 37. Bc6 e3 38. Re1 e2 39. Nf4 Ba5 40. Nd3 Rb3 41. Ra1 Rxd3 0-1

[Event "16th Marseille Festival 2023"]
[Site "Marseille"]
[Date "2023.12.30"]
[Round "4.1"]
[White "Avanesyan, Davit"]
[Black "Lamard, Guillaume"]
[Result "1/2-1/2"]
[WhiteElo "2142"]
[BlackElo "2497"]
[PlyCount "61"]
[EventDate "2023.12.30"]
[EventType "swiss"]
[EventCountry "FRA"]
[TimeControl "5400+30"]

1. e4 e5 2. Nf3 Nc6 3. Be2 Nf6 4. Nc3 d5 5. exd5 Nxd5 6. Bb5 Nxc3 7. bxc3 Bd6 8. d4 exd4 9. cxd4 O-O 10. O-O h6 11. h3 Qf6 12. Bb2 Nb4 13. c4 a6 14. Ba4 b5 15. Bb3 Bb7 16. a3 Bxf3 17. Qxf3 Qxf3 18. gxf3 Nd3 19. Bc1 Nxc1 20. Rfxc1 bxc4 21. Bxc4 a5 22. Bb5 Rfd8 23. a4 Bf4 24. Rc4 Rd5 25. Re1 Rad8 26. Re8+ Rxe8 27. Bxe8 Kf8 28. Bc6 Rg5+ 29. Kh1 Bd6 30. d5 Re5 31. Re4 1/2-1/2

[Event "16th Marseille Festival 2023"]
[Site "Marseille"]
[Date "2023.12.30"]
[Round "4.2"]
[White "Bilych, Olexiy"]
[Black "Fabre, Jean-charles"]
[Result "1-0"]
[WhiteElo "2433"]
[BlackElo "1883"]
[PlyCount "101"]
[EventDate "2023.12.30"]
[EventType "swiss"]
[EventCountry "FRA"]
[TimeControl "5400+30"]

1. d4 Nf6 2. c4 e6 3. Nc3 Bb4 4. e3 O-O 5. Bd3 d5 6. a3 Bxc3+ 7. bxc3 dxc4 8. Bxc4 c5 9. Bd3 Qc7 10. Bb2 b6 11. Qe2 Bb7 12. e4 Nbd7 13. Nh3 e5 14. d5 c4 15. Bxc4 Nc5 16. f3 Ne8 17. Ba2 Nd6 18. c4 Rae8 19. O-O Na4 20. Nf2 Nxb2 21. Qxb2 Ba6 22. Rfc1 Nb7 23. Nd3 Nc5 24. Nxc5 Qxc5+ 25. Qf2 Rc8 26. Qxc5 Rxc5 27. Rab1 Rfc8 28. Rb4 Ra5 29. Rc3 Kf8 30. Kf2 Ke7 31. Ke3 Kd6 32. h4 Rc7 33. g3 Rac5 34. f4 f6 35. Kd2 Bc8 36. Bb1 Bd7 37. Bd3 b5 38. f5 Be8 39. Be2 g6 40. fxg6 hxg6 41. Rf3 f5 42. exf5 bxc4 43. Kc3 Kxd5 44. fxg6 Bxg6 45. Rf8 Bf7 46. h5 Ke4 47. h6 Be6 48. Rf6 Bg8 49. g4 Ke3 50. Rb2 e4 51. Bd1 1-0

[Event "16th Marseille Festival 2023"]
[Site "Marseille"]
[Date "2023.12.30"]
[Round "4.3"]
[White "Girel, Joseph"]
[Black "Gusain, Himal"]
[Result "1/2-1/2"]
[WhiteElo "2495"]
[BlackElo "2457"]
[PlyCount "42"]
[EventDate "2023.12.30"]
[EventType "swiss"]
[EventCountry "FRA"]
[TimeControl "5400+30"]

1. e4 Nf6 2. e5 Nd5 3. d4 d6 4. Nf3 dxe5 5. Nxe5 g6 6. Bc4 c6 7. O-O Bg7 8. Re1 O-O 9. Bb3 Nd7 10. Nf3 b5 11. Bg5 N7b6 12. Nbd2 a5 13. c4 bxc4 14. Nxc4 Nxc4 15. Bxc4 Bg4 16. b3 Qd6 17. Rc1 e6 18. Re4 Bf5 19. Re1 Bg4 20. Re4 Bf5 21. Re1 Bg4 1/2-1/2

[Event "16th Marseille Festival 2023"]
[Site "Marseille"]
[Date "2023.12.30"]
[Round "4.4"]
[White "Philippe, Guillaume"]
[Black "Perret, Timothe"]
[Result "1-0"]
[WhiteElo "2334"]
[BlackElo "1854"]
[PlyCount "51"]
[EventDate "2023.12.30"]
[EventType "swiss"]
[EventCountry "FRA"]
[TimeControl "5400+30"]

1. f4 Nf6 2. Nf3 g6 3. g3 Bg7 4. Bg2 d6 5. O-O O-O 6. d3 c5 7. e4 Nc6 8. h3 c4 9. Nc3 cxd3 10. cxd3 e5 11. fxe5 dxe5 12. Be3 h6 13. Qd2 Kh7 14. g4 Ng8 15. g5 h5 16. Nh4 Nge7 17. Nd5 Nxd5 18. exd5 Nd4 19. Rf2 Bd7 20. Raf1 Qe7 21. Rf6 Bxf6 22. gxf6 Qd6 23. Be4 Bxh3 24. Bxd4 Bxf1 25. Qg5 exd4 26. Bxg6+ 1-0

[Event "16th Marseille Festival 2023"]
[Site "Marseille"]
[Date "2023.12.30"]
[Round "4.5"]
[White "Pinto, Axel"]
[Black "Petrosyan, Armen"]
[Result "0-1"]
[WhiteElo "1952"]
[BlackElo "2368"]
[PlyCount "56"]
[EventDate "2023.12.30"]
[EventType "swiss"]
[EventCountry "FRA"]
[TimeControl "5400+30"]

1. d4 d5 2. c4 e6 3. Nf3 Nf6 4. g3 Bb4+ 5. Bd2 Be7 6. Bg2 O-O 7. O-O c6 8. Qc2 b6 9. Bf4 Nbd7 10. Nbd2 Ba6 11. Rfd1 Nh5 12. Rac1 Nxf4 13. gxf4 Rc8 14. e3 Bd6 15. Ng5 Nf6 16. Qa4 Bxc4 17. Nxc4 b5 18. Qxa7 bxc4 19. Bh3 Ra8 20. Qb7 Qb8 21. Qxb8 Rfxb8 22. b3 h6 23. Nf3 Rxa2 24. bxc4 Ne4 25. Rf1 Rbb2 26. cxd5 cxd5 27. Bg2 Nxf2 28. Ne1 Ng4 0-1

[Event "16th Marseille Festival 2023"]
[Site "Marseille"]
[Date "2023.12.30"]
[Round "4.6"]
[White "Pichon, Ewen"]
[Black "Hileyan, Michel"]
[Result "1-0"]
[WhiteElo "2274"]
[BlackElo "1744"]
[PlyCount "93"]
[EventDate "2023.12.30"]
[EventType "swiss"]
[EventCountry "FRA"]
[TimeControl "5400+30"]

1. d4 f5 2. Nf3 Nf6 3. g3 g6 4. Bg2 Bg7 5. O-O O-O 6. c4 d6 7. Nc3 c6 8. d5 e5 9. e4 c5 10. Re1 Na6 11. a3 Nc7 12. Qc2 Bd7 13. Qe2 Qe7 14. b4 b6 15. Qc2 Nh5 16. bxc5 bxc5 17. Rb1 Rab8 18. exf5 Bxf5 19. Ne4 Nf6 20. Nfd2 Qd7 21. Nxf6+ Bxf6 22. Ne4 Bg7 23. Bd2 Rfc8 24. Bf1 Ne8 25. Rxb8 Rxb8 26. Rb1 Rxb1 27. Qxb1 Bxe4 28. Qxe4 Qf5 29. Qxf5 gxf5 30. Bh3 f4 31. Bd7 Nf6 32. Be6+ Kf8 33. gxf4 Bh6 34. Bf5 Kg7 35. Kg2 Nh5 36. Ba5 Nxf4+ 37. Kf3 Bg5 38. Bc7 Be7 39. a4 h6 40. a5 Kf6 41. Bd7 Nd3 42. a6 Nb2 43. Bb5 Kf5 44. Bb8 e4+ 45. Ke2 Bd8 46. Bxa7 Bc7 47. Bxc5 1-0

[Event "16th Marseille Festival 2023"]
[Site "Marseille"]
[Date "2023.12.30"]
[Round "4.7"]
[White "Gachbar, Imrane"]
[Black "Baroyan, Davit"]
[Result "1/2-1/2"]
[WhiteElo "1885"]
[BlackElo "2203"]
[PlyCount "67"]
[EventDate "2023.12.30"]
[EventType "swiss"]
[EventCountry "FRA"]
[TimeControl "5400+30"]

1. d4 d5 2. c4 e6 3. Nc3 c6 4. cxd5 exd5 5. Nf3 Bd6 6. Bg5 Qb6 7. Qc2 Na6 8. e3 Ne7 9. a3 Bf5 10. Qd2 Nc7 11. Bh4 a5 12. Be2 O-O 13. Bg3 Ne8 14. O-O Bxg3 15. hxg3 Qd8 16. b4 b5 17. Ne5 Nd6 18. Qb2 f6 19. Nf3 Nc4 20. Bxc4 bxc4 21. Nh4 Bd3 22. Rfe1 Rb8 23. Na4 g5 24. Nf3 Rb5 25. Nc5 Bf5 26. Qc3 Nc8 27. Nd2 Nd6 28. f3 Nb7 29. e4 Nxc5 30. bxc5 Bg6 31. exd5 Qxd5 32. Qxc4 Rd8 33. Qc3 Rf8 34. Nc4 1/2-1/2

[Event "16th Marseille Festival 2023"]
[Site "Marseille"]
[Date "2023.12.30"]
[Round "4.8"]
[White "Malka, Samuel"]
[Black "Yaghi, leen"]
[Result "1-0"]
[WhiteElo "2201"]
[BlackElo "1874"]
[PlyCount "53"]
[EventDate "2023.12.30"]
[EventType "swiss"]
[EventCountry "FRA"]
[TimeControl "5400+30"]

1. c4 e5 2. Nc3 Nc6 3. g3 Nf6 4. Bg2 Be7 5. a3 a5 6. e3 O-O 7. Nge2 d6 8. d4 exd4 9. exd4 Bg4 10. h3 Bf5 11. g4 Bg6 12. f4 h5 13. g5 Nd7 14. d5 Ncb8 15. O-O Nb6 16. f5 Bh7 17. Ne4 N8d7 18. Nd4 Nxc4 19. Qxh5 Nce5 20. Bd2 Nc5 21. Rf4 Bg6 22. fxg6 Nxg6 23. Rff1 Re8 24. Nxc5 dxc5 25. Ne6 Qd6 26. Rxf7 Kxf7 27. Rf1+ 1-0

[Event "16th Marseille Festival 2023"]
[Site "Marseille"]
[Date "2023.12.30"]
[Round "5.1"]
[White "Lamard, Guillaume"]
[Black "Bilych, Olexiy"]
[Result "1/2-1/2"]
[WhiteElo "2497"]
[BlackElo "2433"]
[PlyCount "101"]
[EventDate "2023.12.30"]
[EventType "swiss"]
[EventCountry "FRA"]
[TimeControl "5400+30"]

1. d4 d5 2. c4 e6 3. Nf3 Nf6 4. g3 Bb4+ 5. Bd2 Be7 6. Bg2 O-O 7. Qc2 Nbd7 8. h4 c6 9. Nc3 dxc4 10. Rd1 b5 11. Ne5 Nxe5 12. dxe5 Nd5 13. Ne4 Bb7 14. Ng5 g6 15. Qc1 Qc7 16. h5 Bxg5 17. Bxg5 Qxe5 18. Rh4 f6 19. Bf4 Nxf4 20. gxf4 Qc7 21. Qe3 Rad8 22. Qxe6+ Qf7 23. Qxf7+ Kxf7 24. hxg6+ Kxg6 25. Rc1 f5 26. Rc3 h6 27. Rch3 Rh8 28. e4 Bc8 29. e5 Be6 30. Bxc6 b4 31. Bf3 Rh7 32. Bh5+ Kg7 33. Rg3+ Kf8 34. Rg6 Ke7 35. Bd1 h5 36. Rg5 c3 37. bxc3 bxc3 38. Rhxh5 Rxh5 39. Rxh5 Rd4 40. Rh3 Rxf4 41. Rxc3 Re4+ 42. Kd2 Bxa2 43. Ra3 Bd5 44. Rxa7+ Ke6 45. Bc2 Rf4 46. Ke3 Rf3+ 47. Ke2 Rc3 48. Bd3 Kxe5 49. Ra5 f4 50. Kd2 Rc7 51. f3 1/2-1/2

[Event "16th Marseille Festival 2023"]
[Site "Marseille"]
[Date "2023.12.30"]
[Round "5.2"]
[White "Gusain, Himal"]
[Black "Avanesyan, Davit"]
[Result "1-0"]
[WhiteElo "2457"]
[BlackElo "2142"]
[PlyCount "89"]
[EventDate "2023.12.30"]
[EventType "swiss"]
[EventCountry "FRA"]
[TimeControl "5400+30"]

1. Nf3 Nf6 2. b3 g6 3. g3 Bg7 4. Bb2 O-O 5. Bg2 d6 6. d4 c6 7. O-O b5 8. Re1 Bb7 9. e4 c5 10. e5 dxe5 11. dxe5 Qxd1 12. Rxd1 Ne8 13. Nbd2 Nc7 14. a4 a6 15. Nf1 h6 16. Ne3 Bc6 17. c4 bxc4 18. bxc4 Ra7 19. Nd5 Nxd5 20. cxd5 Ba8 21. Nd2 e6 22. Nc4 exd5 23. Bxd5 Bxd5 24. Rxd5 Rb7 25. Ba3 Re8 26. Rad1 Bf8 27. Rd8 Rxd8 28. Rxd8 Kg7 29. Na5 Rb6 30. Kg2 Nc6 31. Rxf8 Nxa5 32. Bxc5 Rc6 33. Bb4 Rc4 34. Bd6 Rxa4 35. Rc8 Nc4 36. Bf8+ Kh7 37. Be7 g5 38. Bf6 Kg6 39. g4 Nb6 40. Rg8+ Kh7 41. Rg7+ Kh8 42. Rxg5+ Kh7 43. Rg7+ Kh8 44. e6 Rf4 45. Rxf7+ 1-0

[Event "16th Marseille Festival 2023"]
[Site "Marseille"]
[Date "2023.12.30"]
[Round "5.3"]
[White "Malka, Samuel"]
[Black "Girel, Joseph"]
[Result "0-1"]
[WhiteElo "2201"]
[BlackElo "2495"]
[PlyCount "36"]
[EventDate "2023.12.30"]
[EventType "swiss"]
[EventCountry "FRA"]
[TimeControl "5400+30"]

1. d4 Nf6 2. c4 e6 3. Nf3 Bb4+ 4. Bd2 Be7 5. Nc3 O-O 6. Qc2 d5 7. g4 dxc4 8. g5 Nd5 9. O-O-O Nc6 10. h4 b5 11. h5 b4 12. Nxd5 exd5 13. g6 fxg6 14. hxg6 Bf5 15. e4 Bxg6 16. Bxc4 dxc4 17. Qxc4+ Kh8 18. e5 Be4 0-1

[Event "16th Marseille Festival 2023"]
[Site "Marseille"]
[Date "2023.12.30"]
[Round "5.4"]
[White "Petrosyan, Armen"]
[Black "Delaplace, Mathias"]
[Result "1-0"]
[WhiteElo "2368"]
[BlackElo "1956"]
[PlyCount "71"]
[EventDate "2023.12.30"]
[EventType "swiss"]
[EventCountry "FRA"]
[TimeControl "5400+30"]

1. e4 c5 2. Nf3 e6 3. d4 cxd4 4. Nxd4 Nf6 5. Nc3 Nc6 6. Nxc6 bxc6 7. e5 Nd5 8. Ne4 Qc7 9. f4 Rb8 10. c4 Bb4+ 11. Ke2 O-O 12. cxd5 cxd5 13. Ng5 d6 14. Qd3 g6 15. Kd1 dxe5 16. fxe5 Qxe5 17. Nf3 Qd6 18. Bh6 Re8 19. a3 Bc5 20. Rc1 e5 21. Qc3 Bb6 22. Bb5 Bd7 23. Bxd7 Qxd7 24. Nxe5 Qf5 25. Nf3 d4 26. Qc2 Qb5 27. a4 Qd7 28. Re1 Ba5 29. Rxe8+ Rxe8 30. Qc6 Qe7 31. Kc2 d3+ 32. Kb1 Qe2 33. Qf6 Bc3 34. Qxc3 f6 35. Re1 d2 36. Bxd2 1-0

[Event "16th Marseille Festival 2023"]
[Site "Marseille"]
[Date "2023.12.30"]
[Round "5.5"]
[White "Adinolfi, Vincenzo"]
[Black "Philippe, Guillaume"]
[Result "0-1"]
[WhiteElo "1957"]
[BlackElo "2334"]
[PlyCount "64"]
[EventDate "2023.12.30"]
[EventType "swiss"]
[EventCountry "FRA"]
[TimeControl "5400+30"]

1. Nf3 Nf6 2. g3 b5 3. Bg2 Bb7 4. O-O e6 5. a4 b4 6. c4 c5 7. d4 cxd4 8. Nxd4 Bxg2 9. Kxg2 Be7 10. Nd2 O-O 11. N2f3 Na6 12. Ne5 Qc7 13. f4 Rac8 14. b3 d6 15. Nd3 d5 16. cxd5 Nxd5 17. Bd2 Qb7 18. Kg1 Nc5 19. Nxc5 Bxc5 20. e3 Bxd4 21. exd4 Qb6 22. Bc1 Rfd8 23. Qd2 Nc3 24. Bb2 Rxd4 25. Qf2 Qd8 26. Bxc3 bxc3 27. Rac1 g6 28. Qe3 c2 29. Rf2 Rd1+ 30. Rf1 Rxf1+ 31. Kxf1 Qd1+ 32. Qe1 Rd8 0-1

[Event "16th Marseille Festival 2023"]
[Site "Marseille"]
[Date "2023.12.30"]
[Round "5.6"]
[White "Fabre, Jean-charles"]
[Black "Pichon, Ewen"]
[Result "1/2-1/2"]
[WhiteElo "1883"]
[BlackElo "2274"]
[PlyCount "106"]
[EventDate "2023.12.30"]
[EventType "swiss"]
[EventCountry "FRA"]
[TimeControl "5400+30"]

1. c4 Nf6 2. Nf3 e6 3. Nc3 d5 4. e3 a6 5. b3 Bd6 6. Bb2 O-O 7. d4 dxc4 8. bxc4 c5 9. Bd3 cxd4 10. exd4 b6 11. O-O Bb7 12. Qe2 Qc7 13. Ne4 Nxe4 14. Bxe4 Bxe4 15. Qxe4 Nd7 16. Rac1 Rac8 17. Rfe1 Bf4 18. Rc2 b5 19. g3 Bh6 20. Bc1 Bxc1 21. Rexc1 bxc4 22. Rxc4 Qxc4 23. Rxc4 Rxc4 24. Qb7 Nf6 25. Qxa6 Rc1+ 26. Kg2 Rc2 27. Ne5 Nd5 28. Qa4 Rd2 29. Nd7 Rc8 30. Qa6 Re8 31. Ne5 Ne3+ 32. Kf3 Nf5 33. Qa7 Nxd4+ 34. Kg2 Rf8 35. Nd7 Nc6 36. Qc7 Rd8 37. Nc5 Nb8 38. a4 e5 39. a5 e4 40. Nxe4 R2d7 41. Qb6 Rc8 42. a6 Nc6 43. Nc5 Ra7 44. Nb7 Raa8 45. h4 Nd8 46. Nc5 h5 47. Qb5 Nc6 48. Nb7 Nd4 49. Qd7 Ne6 50. Nd6 Rc7 51. Qb5 Nc5 52. Ne8 Rcc8 53. Nd6 Rc7 1/2-1/2

[Event "16th Marseille Festival 2023"]
[Site "Marseille"]
[Date "2023.12.30"]
[Round "5.7"]
[White "Baroyan, Davit"]
[Black "Thomas, Richard Huw"]
[Result "1-0"]
[WhiteElo "2203"]
[BlackElo "2162"]
[PlyCount "116"]
[EventDate "2023.12.30"]
[EventType "swiss"]
[EventCountry "FRA"]
[TimeControl "5400+30"]

1. Nf3 d5 2. g3 Nf6 3. Bg2 c6 4. O-O Bf5 5. c4 e6 6. d3 Be7 7. cxd5 exd5 8. Nc3 O-O 9. Qb3 Qb6 10. Qc2 Nbd7 11. e4 dxe4 12. dxe4 Bg6 13. Be3 Qa5 14. a3 Rfe8 15. b4 Qh5 16. h3 Ne5 17. Nh2 Nc4 18. Bf4 Nd5 19. Bf3 Qxh3 20. Bg4 Nxf4 21. Bxh3 Nxh3+ 22. Kg2 Ng5 23. Qe2 Nd6 24. e5 Nde4 25. Na2 Ne6 26. Rad1 Rad8 27. Rxd8 Bxd8 28. f3 N4g5 29. Nc3 Bf5 30. Ng4 Nd4 31. Qc4 Bb6 32. Na4 Be6 33. Qd3 Ndxf3 34. Rxf3 Bxg4 35. Rf4 Bh3+ 36. Kh2 Rd8 37. Qe2 Bc7 38. Nc5 Re8 39. Nd3 h6 40. g4 f6 41. Rf5 Bxe5+ 42. Nxe5 Rxe5 43. Qc4+ Kh8 44. Rxg5 hxg5 45. Kxh3 Re3+ 46. Kg2 Rxa3 47. Qf7 b6 48. Qe8+ Kh7 49. Qxc6 Kg6 50. Qc1 Ra2+ 51. Kf3 Ra6 52. Qc2+ f5 53. gxf5+ Kf6 54. Qc3+ Ke7 55. Qc7+ Kf6 56. Qc3+ Ke7 57. Qxg7+ Kd6 58. f6 Kd5 {[%emt 0:02:20] Ke4+} 1-0

[Event "16th Marseille Festival 2023"]
[Site "Marseille"]
[Date "2023.12.30"]
[Round "5.8"]
[White "De Carvalho Massabo, Raphael"]
[Black "Gachbar, Imrane"]
[Result "1-0"]
[WhiteElo "2137"]
[BlackElo "1885"]
[PlyCount "77"]
[EventDate "2023.12.30"]
[EventType "swiss"]
[EventCountry "FRA"]
[TimeControl "5400+30"]

1. e4 c5 2. Nf3 e6 3. d4 cxd4 4. Nxd4 a6 5. c4 Nf6 6. Nc3 Qc7 7. a3 Be7 8. Be3 b6 9. Rc1 Bb7 10. f3 d6 11. g4 h6 12. Kd2 Nbd7 13. Kc2 O-O-O 14. Kb1 Kb8 15. Be2 Ka8 16. h4 g6 17. g5 hxg5 18. hxg5 Nh5 19. Qg1 Qb8 20. Nc2 Qc7 21. Nb4 Rc8 22. Qf2 Qd8 23. f4 Nc5 24. Bxc5 bxc5 25. Nd3 Ng7 26. Bf3 Qb6 27. Qc2 Bc6 28. Rh6 Rxh6 29. gxh6 Ne8 30. Qe2 Qb7 31. Ne1 Bf8 32. h7 Bg7 33. e5 dxe5 34. fxe5 Nc7 35. Ne4 Qb6 36. Nd6 Rf8 37. Qg2 Bxf3 38. Qxf3+ Ka7 39. Nd3 1-0

[Event "16th Marseille Festival 2023"]
[Site "Marseille"]
[Date "2023.12.30"]
[Round "6.1"]
[White "Bilych, Olexiy"]
[Black "Gusain, Himal"]
[Result "0-1"]
[WhiteElo "2433"]
[BlackElo "2457"]
[PlyCount "66"]
[EventDate "2023.12.30"]
[EventType "swiss"]
[EventCountry "FRA"]
[TimeControl "5400+30"]

1. d4 d5 2. c4 e6 3. Nc3 c6 4. Nf3 dxc4 5. e3 b5 6. a4 Bb4 7. Bd2 a5 8. axb5 Bxc3 9. Bxc3 cxb5 10. b3 Bb7 11. bxc4 b4 12. Bb2 Nf6 13. Bd3 O-O 14. O-O Ne4 15. Nd2 f5 16. f3 Nxd2 17. Qxd2 Qe7 18. Bc2 Nd7 19. d5 Qd6 20. e4 fxe4 21. fxe4 e5 22. Rxf8+ Rxf8 23. Qe3 Ba6 24. Rxa5 Bxc4 25. h3 Qg6 26. Ra7 Bf1 27. g3 Bxh3 28. Bd3 Bg4 29. Bb5 Bf3 30. Kf2 Bxe4+ 31. Ke1 Rf3 32. Qg1 Bd3 33. Ra8+ Nf8 0-1